 Dungeon Crawl Stone Soup version 0.27.0-1-g7a089689b8 (webtiles) character file.

Game seed: 7261096443461646339

23 Dann the Grave Robber (level 3, 0/24 HPs)
             Began as a Human Necromancer on Aug 9, 2021.
             Slain by a jackal (1 damage)
             ... on level 2 of the Dungeon.
             The game lasted 00:05:14 (1451 turns).

Dann the Grave Robber (Human Necromancer)           Turns: 1451, Time: 00:05:16

Health: 0/24       AC:  2    Str:  8    XL:     3   Next: 12%
Magic:  1/6        EV: 12    Int: 16    God:
Gold:   63         SH:  0    Dex: 13    Spells: 4/6 levels left

rFire    . . .     SeeInvis .   c - +0 whip
rCold    . . .     Faith    .   (no shield)
rNeg     . . .     Spirit   .   a - +0 robe
rPois    .         Reflect  .   (no helmet)
rElec    .         Harm     .   (no cloak)
rCorr    .         Rampage  .   (no gloves)
Will     .....                  (no boots)
Stlth    ++........             (no amulet)
HPRegen  0.08/turn              (no ring)
MPRegen  0.10/turn              (no ring)

@: no status effects
A: no striking features
a: no special abilities


You were on level 2 of the Dungeon.
You visited 1 branch of the dungeon, and saw 2 of its levels.

You collected 63 gold pieces.

Inventory:

Hand Weapons
 c - a +0 whip (weapon)
 h - a +0 hunting sling
Armour
 a - a +0 robe (worn)
Scrolls
 b - a scroll of identify {unknown}
 f - a scroll of magic mapping {unknown}
Potions
 d - a potion of ambrosia {unknown}
 e - 2 potions of curing {unknown}
 g - a potion of berserk rage {unknown}


   Skills:
 + Level 0.1 Fighting
 + Level 2.1 Dodging
 + Level 2.1 Stealth
 + Level 0.2 Unarmed Combat
 + Level 2.2 Spellcasting
 + Level 4.5 Necromancy


You had 4 spell levels left.
You knew the following spells:

 Your Spells              Type           Power      Damage    Failure   Level
a - Pain                  Necr           64%        1d7       3%          1
b - Animate Skeleton      Necr           32%        N/A       3%          1

Your spell library contained the following spells:

 Spells                   Type           Power      Damage    Failure   Level
 Vampiric Draining        Necr           8%         2d7       10%         3
 Animate Dead             Necr           8%         N/A       30%         4
 Gell's Gravitas          Tloc           0%         N/A       52%         3
 Lesser Beckoning         Tloc           0%         N/A       52%         3
 Teleport Other           Tloc           1%         N/A       52%         3
 Agony                    Necr           16%        N/A       65%         5


Dungeon Overview and Level Annotations

Branches:
Dungeon (2/15)

Altars:


Message History

Your hobgoblin skeleton is destroyed!
Casting: Animate Skeleton (safe; 3% risk of failure)
Confirm with . or Enter, or press ? or * to list all spells.
You attempt to give life to the dead...
Before your eyes, flesh is ripped from the corpse!
The dead are walking!
The jackal closely misses you. What are your orders? t - Shout!
Orders for allies: a - Attack new target. r - Retreat! s - Stop attacking. g - Guard the area. f - Follow me.
Anything else - Cancel.
Gang up on whom?
Press: ? - help, Dir - move target, f - jackal
Aim: a jackal (ally target) Attack!
The jackal barely misses you.
You closely miss the jackal. The jackal bites you.
* * * LOW HITPOINT WARNING * * *
Your jackal skeleton bites the jackal.
The jackal misses you.
You closely miss the jackal.
The jackal is moderately wounded.
Your jackal skeleton bites the jackal but does no damage.
The jackal bites you.
* * * LOW HITPOINT WARNING * * *
Your jackal skeleton bites the jackal but does no damage.
The jackal barely misses you. The jackal closely misses you.
Your jackal skeleton bites the jackal but does no damage.
The jackal bites you.
* * * LOW HITPOINT WARNING * * *
Casting: Animate Skeleton (safe; 3% risk of failure)
Confirm with . or Enter, or press ? or * to list all spells.
Aiming: Pain (safe; 3% risk of failure)
Press: ? - help, Shift-Dir - straight line, f/p - jackal
Aim: a jackal (ally target, chance to affect: 87%)
The jackal writhes in agony.
The jackal barely misses you.
Your jackal skeleton bites the jackal but does no damage.
The jackal bites you.
You die...

...# #..#
#..# #
####..# #.
.....#
####..###...#
............#
......###.#.#
####. #@#Z#
.. #h#.## ##
#.Z..# #....#
####...#
#..<..##
#........#
#........#
#........#


You could see a jackal (ally target) and a friendly jackal skeleton.

Vanquished Creatures
  A dart slug (D:1)
  A bat (D:1)
  3 giant cockroaches (D:1)
  A goblin (D:1)
  A hobgoblin (D:2)
  3 jackals (D:2)
  2 kobolds (D:1)
  2 quokkas (D:1)
  2 ball pythons (D:1)
  4 rats (D:1)
20 creatures vanquished.

Vanquished Creatures (collateral kills)
  A hobgoblin (D:1)
1 creature vanquished.

Grand Total: 21 creatures vanquished

Notes
Turn   | Place    | Note
-------+----------+-------------------------------------------
     0 | D:1      | Dann the Human Necromancer began the quest for the Orb.
     0 | D:1      | Reached XP level 1. HP: 13/13 MP: 3/3
     2 | D:1      | Learned a level 1 spell: Animate Skeleton
   339 | D:1      | Reached XP level 2. HP: 15/19 MP: 0/5
   549 | D:1      | Found a faded altar of an unknown god.
  1411 | D:2      | Reached XP level 3. HP: 21/24 MP: 2/6
  1451 | D:2      | Slain by a jackal

Illustrated notes

Levels and vault maps discovered:
D:1:      enne_arrival_octagon_isle, layout_loops_ring, basic_ecumenical_altar,
          chequers_serial_rivers_micro_d
D:2:      layout_loops_ring, uniq_sigmund

Action                   || total
-------------------------++-------
Melee: Unarmed           ||    11
       Whip              ||    28
 Cast: Pain              ||    31
       Animate Skeleton  ||     7
Armor: Robe              ||     9
Dodge: Dodged            ||    64
